 Dungeon Crawl Stone Soup version 0.28.0-53-g5a82cb258f (webtiles) character file.

Game seed: 13586039231017641321

141 Peloso the Covered (level 5, 0/46 HPs)
             Began as a Minotaur Fighter on July 24, 2022.
             Slain by an ogre
             ... wielding a +0 giant club
              (21 damage)
             ... on level 4 of the Dungeon.
             The game lasted 00:03:56 (2768 turns).

Peloso the Covered (Minotaur Fighter)               Turns: 2768, Time: 00:03:57

Health: 0/46       AC:  7    Str: 21    XL:     5   Next: 3%
Magic:  4/4        EV:  9    Int:  5    God:
Gold:   155        SH:  5    Dex: 11    Spells: 4/4 levels left

rFire   . . .      SeeInvis .   a - +0 long sword
rCold   . . .      Faith    .   c - +1 buckler
rNeg    . . .      Spirit   .   b - +0 scale mail
rPois   +          Reflect  .   (helmet restricted)
rElec   .          Harm     .   (no cloak)
rCorr   .          Rampage  .   (no gloves)
Will    +....                   (no boots)
Stlth   ..........              (no amulet)
HPRegen 0.15/turn               i - ring of willpower
MPRegen 0.09/turn               o - ring of poison resistance

@: no status effects
A: horns 2, retaliatory headbutt
a: no special abilities


You were on level 4 of the Dungeon.
You visited 1 branch of the dungeon, and saw 4 of its levels.

You collected 155 gold pieces.

Inventory:

Hand Weapons
 a - a +0 long sword (weapon)
Missiles
 e - 2 throwing nets (quivered)
Armour
 b - a +0 scale mail (worn)
 c - a +1 buckler (worn)
Jewellery
 i - a ring of willpower (left hand)
 o - a ring of poison resistance (right hand)
Scrolls
 f - a scroll of identify
Potions
 d - a potion of might
 g - 3 potions of curing
 h - a potion of brilliance
 k - 2 potions of lignification {unknown}
 m - a potion of degeneration {unknown}
 n - a potion of heal wounds {unknown}


   Skills:
 + Level 4.2 Fighting
 + Level 4.5 Long Blades
 + Level 4.5 Armour
 + Level 0.4 Dodging
 + Level 4.3 Shields


You had 4 spell levels left.
You didn't know any spells.
Your spell library contained the following spells:

 Spells                   Type           Power      Damage    Failure   Level
 Beastly Appendage        Tmut           0%         N/A       88%         1
 Foxfire                  Conj/Fire      0%         2x1d4     88%         1
 Magic Dart               Conj           0%         1d3       88%         1
 Searing Ray              Conj           0%         2d4       95%         2
 Wereblood                Tmut           0%         N/A       95%         2
 Spider Form              Tmut/Pois      0%         N/A       99%         3
 Flame Wave               Conj/Fire      0%         2d4       100%        4
 Fulminant Prism          Conj/Hex       0%         3d6       100%        4
 Fire Storm               Conj/Fire      0%         5d1       100%        9


Dungeon Overview and Level Annotations

Branches:
Dungeon (4/15)
 Temple: D:4-7

Altars:
Gozag
Sif Muna

Annotations:
D:2 Dig


Innate Abilities, Weirdness & Mutations

You have a pair of horns on your head.
You reflexively headbutt those who attack you in melee.


Message History

You now have 145 gold pieces (gained 10).
You pick up a book of Conjurations and begin reading...
You add the spells Magic Dart, Searing Ray and Fulminant Prism to your library.
A giant cockroach comes into view.
A giant cockroach is nearby!
A giant cockroach is nearby!
Found an opulent altar of Gozag.
The giant cockroach barely misses you. You block the giant cockroach's attack.
You closely miss the giant cockroach. You headbutt the giant cockroach.
You kill the giant cockroach!
An endoplasm comes into view.
The endoplasm quivers.
You see here a giant cockroach corpse.
An endoplasm is nearby!
An endoplasm is nearby!
You block the endoplasm's attack.
You slash the endoplasm!
You kill the endoplasm!
Found 10 gold pieces.
You now have 155 gold pieces (gained 10).
An ogre comes into view. It is wielding a +0 giant club.
Found 15 gold pieces.
The ogre shouts!
You see here 17 gold pieces.
An ogre is nearby!
An ogre is nearby!
An ogre is nearby!
You slash the ogre! Your headbutt misses the ogre.
The ogre is moderately wounded.
The ogre hits you with a +0 giant club!
You barely miss the ogre.
The ogre is moderately wounded.
The ogre barely misses you.
You hit the ogre but do no damage.
The ogre is moderately wounded.
The ogre hits you with a +0 giant club!
You slash the ogre! You headbutt the ogre.
The ogre is severely wounded.
The ogre hits you with a +0 giant club!!
You die...

#. # . #$ . ###### #..#.
###....# ####
#....##......########...
#.....#^.............>..
#...#.O#................
..#...@#...########....
#.....$#..# ##.#.
#.........### #.#.
########### #... ###...
#..... #....† #.....
#.....


You could see an ogre.

Vanquished Creatures
  4 gnolls (D:3)
  2 adders
  2 worms (D:2)
  An orc (D:3)
  8 ball pythons
  6 endoplasms
  4 giant cockroaches
  6 goblins
  6 hobgoblins
  4 jackals (D:3)
  9 kobolds
  5 quokkas
  6 bats
  6 frilled lizards
  3 rats
72 creatures vanquished.

Vanquished Creatures (others)
  3 plants (D:1)
3 creatures vanquished.

Grand Total: 75 creatures vanquished

Notes
Turn   | Place    | Note
-------+----------+-------------------------------------------
     0 | D:1      | Peloso the Minotaur Fighter began the quest for the Orb.
     0 | D:1      | Reached XP level 1. HP: 19/19 MP: 0/0
    37 | D:1      | Found a faded altar of an unknown god.
   259 | D:1      | Reached XP level 2. HP: 22/27 MP: 1/1
  1015 | D:2      | Reached XP level 3. HP: 33/33 MP: 2/2
  1749 | D:3      | Reached XP level 4. HP: 40/40 MP: 3/3
  2101 | D:3      | Got Joaluiq's Reference Book on the Blaze
  2511 | D:4      | Found a shimmering blue altar of Sif Muna.
  2567 | D:4      | Reached XP level 5. HP: 46/46 MP: 4/4
  2711 | D:4      | Found an opulent altar of Gozag.
  2762 | D:4      | Noticed an ogre
  2768 | D:4      | Slain by an ogre

Illustrated notes

Levels and vault maps discovered:
D:1:      amcnicky_arrival_single_pillar, layout_basic, basic_ecumenical_altar,
          serial_forest, infiniplex_forest_end_1, infiniplex_forest_end_1,
          infiniplex_forest_join, infiniplex_forest_clump_small,
          infiniplex_forest_straight_2, infiniplex_forest_straight_4,
          infiniplex_forest_end_1, infiniplex_forest_fountain,
          infiniplex_forest_straight_3, infiniplex_forest_straight_3
D:2:      layout_loops_cross, grunt_decor_one_mirror, due_unseen_surprise
D:3:      layout_basic
D:4:      layout_basic, mainiacjoe_overflow_tiny_flanked,
          mainiacjoe_overflow_24_doors, old_standard_altar,
          minmay_temple_entry_gardened_gates, hangedman_decor_slide_cut,
          fountainhead, uniq_sigmund, uniq_pikel

Skill      XL: |  1  2  3  4 |
---------------+-------------+-----
Fighting       | 4 |  4.2
Shields        | 4 |  4.3
Armour         | 4 |  4.5
Long Blades    | 3 4 |  4.5
Dodging        | |  0.4

Action                   |  1- 3 |  4- 6 || total
-------------------------+-------+-------++-------
Melee: Long sword        |   111 |    52 ||   163
       Headbutt          |    18 |     7 ||    25
  Use: Scroll            |     5 |     1 ||     6
Armor: Scale mail        |    57 |    24 ||    81
Dodge: Dodged            |    54 |    22 ||    76
Block: Buckler           |    30 |    19 ||    49
